| TOP OF THE 1ST |
|
Jackson Generals batting - Pitching for Northwest Arkansas Naturals : RHP Andrew Tipton
|
|
Pitching: RHP Andrew Tipton
|
|
|
Batting: LHB Jerrod Cluck
|
0-0: Ball 1-0: Ball 2-0: Ball 3-0: Base on Balls
|
|
Batting: RHB Sean Peake
|
0-0: Ball Wild Pitch! Jerrod Cluck to second 1-0: Ground out 5-3 (Groundball, 56, EV 85.0 MPH)
|
|
Batting: RHB Tony Vargas
|
0-0: Ball 1-0: Ball 2-0: Ball 3-0: Base on Balls
|
|
Batting: LHB Cliff Thomas
|
0-0: Ball Jerrod Cluck steals 3rd base Tony Vargas to second 1-0: Called Strike 1-1: Foul Ball, location: 2F 1-2: Foul Ball, location: 2F 1-2: Fly out, F7 (Line Drive, 7, EV 95.6 MPH) Runner from 3rd tags up, SCORES, throw by LF Tony Vargas to third
|
|
Batting: RHB Harutomi Matsubara
|
0-0: Fly out, F9 (Flyball, 89M, EV 91.3 MPH)
|
| Top of the 1st over - 1 run, 0 hits, 0 errors, 1 left on base; Jackson 1 - Northwest Arkansas 0 |
| BOTTOM OF THE 1ST |
|
Northwest Arkansas Naturals batting - Pitching for Jackson Generals : RHP Tom Graham
|
|
Pitching: RHP Tom Graham
|
|
|
Batting: SHB Jarrod Lindblad
|
0-0: Swinging Strike 0-1: Swinging Strike 0-2: Ground out 6-3 (Groundball, 4M, EV 87.5 MPH)
|
|
Batting: RHB Walt Cogswell
|
0-0: Ball 1-0: Ball 2-0: Fly out, F4 (Flyball, 34D, EV 89.4 MPH)
|
|
Batting: RHB Marco Diaz
|
0-0: Ball 1-0: Ball 2-0: Fly out, F8 (Flyball, 8LS, EV 83.1 MPH)
|
| Bottom of the 1st over - 0 runs, 0 hits, 0 errors, 0 left on base; Jackson 1 - Northwest Arkansas 0 |
| TOP OF THE 2ND |
|
Jackson Generals batting - Pitching for Northwest Arkansas Naturals : RHP Andrew Tipton
|
|
Batting: LHB Dwain Ashford
|
0-0: Ground out 4-3 (Groundball, 4, EV 78.1 MPH)
|
|
Batting: LHB Tom Reynolds
|
0-0: Called Strike 0-1: Ground out 6-3 (Groundball, 6, EV 80.0 MPH)
|
|
Batting: RHB Brad Robidas
|
0-0: Ball 1-0: Called Strike 1-1: Swinging Strike 1-2: Strikes out looking
|
| Top of the 2nd over - 0 runs, 0 hits, 0 errors, 0 left on base; Jackson 1 - Northwest Arkansas 0 |
| BOTTOM OF THE 2ND |
|
Northwest Arkansas Naturals batting - Pitching for Jackson Generals : RHP Tom Graham
|
|
Batting: RHB Gavin Jones
|
0-0: Ball 1-0: Ball 2-0: Swinging Strike 2-1: Ground out 6-3 (Groundball, 6MD, EV 85.6 MPH)
|
|
Batting: RHB Javier Solis
|
0-0: Ball 1-0: Ground out U3 (Groundball, 3, EV 87.5 MPH)
|
|
Batting: RHB Pete Deschamps
|
0-0: Swinging Strike 0-1: Swinging Strike 0-2: Strikes out swinging
|
| Bottom of the 2nd over - 0 runs, 0 hits, 0 errors, 0 left on base; Jackson 1 - Northwest Arkansas 0 |
| TOP OF THE 3RD |
|
Jackson Generals batting - Pitching for Northwest Arkansas Naturals : RHP Andrew Tipton
|
|
Batting: RHB Jesus Torres
|
0-0: Called Strike 0-1: Ground out 5-3 (Groundball, 56, EV 86.9 MPH)
|
|
Batting: LHB Jerrod Cluck
|
0-0: Ball 1-0: Foul Ball, location: 2F 1-1: Bunt missed! 1-2: Ball 2-2: SINGLE (Flyball, 34D, EV 87.5 MPH)
|
|
Batting: RHB Sean Peake
|
0-0: Ball 1-0: Called Strike 1-1: Called Strike 1-2: Strikes out swinging
|
|
Batting: RHB Tony Vargas
|
0-0: Ball 1-0: Ball 2-0: Ball 3-0: Called Strike 3-1: Swinging Strike 3-2: SINGLE (Groundball, 34, EV 100.6 MPH) (infield hit) Jerrod Cluck to second
|
|
Batting: LHB Cliff Thomas
|
0-0: Ball 1-0: Ball 2-0: Called Strike 2-1: Foul Ball, location: 2F 2-2: Ball 3-2: Base on Balls Jerrod Cluck to third Tony Vargas to second
|
|
Batting: RHB Harutomi Matsubara
|
0-0: Foul Ball, location: 2F 0-1: Ball 1-1: Foul Ball, location: 2F 1-2: Strikes out swinging
|
| Top of the 3rd over - 0 runs, 2 hits, 0 errors, 3 left on base; Jackson 1 - Northwest Arkansas 0 |
| BOTTOM OF THE 3RD |
|
Northwest Arkansas Naturals batting - Pitching for Jackson Generals : RHP Tom Graham
|
|
Batting: RHB Tomas Raya
|
0-0: Ball 1-0: Ground out U3 (Groundball, 3, EV 87.5 MPH)
|
|
Batting: RHB Grant Conlon
|
0-0: Called Strike 0-1: Ball 1-1: Ball 2-1: Foul Ball, location: 2F 2-2: Ball 3-2: Base on Balls
|
|
Batting: RHB Egidius Kruger
|
0-0: Foul Ball, location: 2F 0-1: Ball 1-1: Grounds into double play, 5-4-3 (Groundball, 56, EV 107.5 MPH)
|
| Bottom of the 3rd over - 0 runs, 0 hits, 0 errors, 0 left on base; Jackson 1 - Northwest Arkansas 0 |
| TOP OF THE 4TH |
|
Jackson Generals batting - Pitching for Northwest Arkansas Naturals : RHP Andrew Tipton
|
|
Batting: LHB Dwain Ashford
|
0-0: Called Strike 0-1: Ball 1-1: Ground out 2-3 (Groundball, 13S, EV 73.8 MPH)
|
|
Batting: LHB Tom Reynolds
|
0-0: Called Strike 0-1: Ground out 3-1 (Groundball, 34S, EV 71.9 MPH)
|
|
Batting: RHB Brad Robidas
|
0-0: Ball 1-0: Swinging Strike 1-1: Swinging Strike 1-2: Ball 2-2: Foul Ball, location: 2F 2-2: Ball 3-2: DOUBLE (Flyball, 89XD, EV 105.6 MPH)
|
|
Batting: RHB Jesus Torres
|
0-0: Foul Ball, location: 2F 0-1: Called Strike 0-2: Strikes out looking
|
| Top of the 4th over - 0 runs, 1 hit, 0 errors, 1 left on base; Jackson 1 - Northwest Arkansas 0 |
| BOTTOM OF THE 4TH |
|
Northwest Arkansas Naturals batting - Pitching for Jackson Generals : RHP Tom Graham
|
|
Batting: SHB Jarrod Lindblad
|
0-0: Called Strike 0-1: Ball 1-1: Ball 2-1: Foul Ball, location: 2F 2-2: Strikes out swinging
|
|
Batting: RHB Walt Cogswell
|
0-0: Called Strike 0-1: Foul Ball, location: 2F 0-2: Ball 1-2: Ball 2-2: Strikes out swinging
|
|
Batting: RHB Marco Diaz
|
0-0: Ball 1-0: Ground out 5-3 (Groundball, 56S, EV 92.5 MPH)
|
| Bottom of the 4th over - 0 runs, 0 hits, 0 errors, 0 left on base; Jackson 1 - Northwest Arkansas 0 |
| TOP OF THE 5TH |
|
Jackson Generals batting - Pitching for Northwest Arkansas Naturals : RHP Andrew Tipton
|
|
Batting: LHB Jerrod Cluck
|
0-0: Ball 1-0: Ball 2-0: Called Strike 2-1: Ground out 6-3 (Groundball, 6, EV 86.9 MPH)
|
|
Batting: RHB Sean Peake
|
0-0: Ground out 2-3 (Groundball, 2L, EV 68.8 MPH)
|
|
Batting: RHB Tony Vargas
|
0-0: Ball 1-0: Called Strike 1-1: Foul Ball, location: 2F 1-2: Ball 2-2: Ball 3-2: Base on Balls
|
|
Batting: LHB Cliff Thomas
|
0-0: Fielders Choice at 2nd, U6 (Groundball, 4M, EV 83.8 MPH)
|
| Top of the 5th over - 0 runs, 0 hits, 0 errors, 1 left on base; Jackson 1 - Northwest Arkansas 0 |
| BOTTOM OF THE 5TH |
|
Northwest Arkansas Naturals batting - Pitching for Jackson Generals : RHP Tom Graham
|
|
Batting: RHB Gavin Jones
|
0-0: Called Strike 0-1: Called Strike 0-2: Ball 1-2: Foul Ball, location: 2F 1-2: Strikes out swinging
|
|
Batting: RHB Javier Solis
|
0-0: Ball 1-0: Foul Ball, location: 2F 1-1: Ball 2-1: Foul Ball, location: 2F 2-2: SINGLE (Groundball, 56D, EV 97.5 MPH)
|
|
Batting: RHB Pete Deschamps
|
0-0: Ball 1-0: Ball 2-0: Called Strike 2-1: Swinging Strike 2-2: Grounds into double play, 6-4-3 (Groundball, 6, EV 85.0 MPH)
|
| Bottom of the 5th over - 0 runs, 1 hit, 0 errors, 0 left on base; Jackson 1 - Northwest Arkansas 0 |
| TOP OF THE 6TH |
|
Jackson Generals batting - Pitching for Northwest Arkansas Naturals : RHP Andrew Tipton
|
|
Batting: RHB Harutomi Matsubara
|
0-0: Ball 1-0: Ball 2-0: Ball 3-0: Base on Balls
|
|
Batting: LHB Dwain Ashford
|
0-0: SINGLE (Groundball, 4MD, EV 106.3 MPH) Harutomi Matsubara to second Runner from 2nd tries for 3rd, OUT! 8-5 Dwain Ashford to second
|
|
Batting: LHB Tom Reynolds
|
0-0: Intentional Walk
|
|
Batting: RHB Brad Robidas
|
0-0: Ball 1-0: Ball 2-0: Ball 3-0: Base on Balls Dwain Ashford to third Tom Reynolds to second
|
|
Batting: RHB Jesus Torres
|
0-0: Foul Ball, location: 2F 0-1: Called Strike 0-2: Foul Ball, location: 2F 0-2: Fly out, F8 (Line Drive, 8LM, EV 86.9 MPH)
|
|
Batting: LHB Jerrod Cluck
|
0-0: Ball 1-0: Swinging Strike 1-1: Foul Ball, location: 2F 1-2: Foul Ball, location: 2F 1-2: Ball 2-2: Ball 3-2: Foul Ball, location: 2F 3-2: Fly out, F9 (Flyball, 89D, EV 111.9 MPH)
|
| Top of the 6th over - 0 runs, 1 hit, 0 errors, 3 left on base; Jackson 1 - Northwest Arkansas 0 |
| BOTTOM OF THE 6TH |
|
Northwest Arkansas Naturals batting - Pitching for Jackson Generals : RHP Tom Graham
|
|
Batting: RHB Tomas Raya
|
0-0: Ground out 6-3 (Groundball, 6, EV 82.5 MPH)
|
|
Batting: RHB Grant Conlon
|
0-0: Ball 1-0: Foul Ball, location: 2F 1-1: Foul Ball, location: 2F 1-2: Foul Ball, location: 2F 1-2: Foul Ball, location: 2F 1-2: Ground out 5-3 (Groundball, 56, EV 90.0 MPH)
|
|
Batting: RHB Egidius Kruger
|
0-0: Ball 1-0: Called Strike 1-1: Fly out, F8 (Flyball, 89D, EV 91.9 MPH)
|
| Bottom of the 6th over - 0 runs, 0 hits, 0 errors, 0 left on base; Jackson 1 - Northwest Arkansas 0 |
| TOP OF THE 7TH |
|
Jackson Generals batting - Pitching for Northwest Arkansas Naturals : RHP Andrew Tipton
|
|
Batting: RHB Sean Peake
|
0-0: Ball 1-0: Ball 2-0: Called Strike 2-1: Called Strike 2-2: Ball 3-2: Foul Ball, location: 2F 3-2: Base on Balls
|
|
Pitching: RHP Lionardo Rabelo
|
|
|
Batting: RHB Tony Vargas
|
0-0: Ball Sean Peake steals 2nd base 1-0: Called Strike 1-1: Ball 2-1: Foul Ball, location: 2F 2-2: Foul Ball, location: 2F 2-2: Foul Ball, location: 2F 2-2: Foul Ball, location: 2F 2-2: Strikes out looking
|
|
Batting: LHB Cliff Thomas
|
0-0: Intentional Walk
|
|
Batting: RHB Harutomi Matsubara
|
0-0: Ball 1-0: Fly out, F9 (Line Drive, 9, EV 88.8 MPH) Runner from 2nd tags up, SAFE at 3rd with throw by RF
|
|
Batting: LHB Dwain Ashford
|
0-0: Ball 1-0: Ball 2-0: Ball 3-0: Foul Ball, location: 2F 3-1: Base on Balls Cliff Thomas to second
|
|
Batting: LHB Tom Reynolds
|
0-0: Ball 1-0: Foul Ball, location: 2F 1-1: Ball 2-1: Ball 3-1: Called Strike 3-2: Strikes out swinging
|
| Top of the 7th over - 0 runs, 0 hits, 0 errors, 3 left on base; Jackson 1 - Northwest Arkansas 0 |
| BOTTOM OF THE 7TH |
|
Northwest Arkansas Naturals batting - Pitching for Jackson Generals : RHP Tom Graham
|
|
Batting: SHB Jarrod Lindblad
|
0-0: Ball 1-0: Fly out, F9 (Flyball, 89D, EV 95.6 MPH)
|
|
Batting: RHB Walt Cogswell
|
0-0: Ball 1-0: Ball 2-0: Called Strike 2-1: Foul Ball, location: 2F 2-2: Strikes out swinging
|
|
Batting: RHB Marco Diaz
|
0-0: Ball 1-0: Called Strike 1-1: Fly out, F9 (Flyball, 89M, EV 89.4 MPH)
|
| Bottom of the 7th over - 0 runs, 0 hits, 0 errors, 0 left on base; Jackson 1 - Northwest Arkansas 0 |
| TOP OF THE 8TH |
|
Jackson Generals batting - Pitching for Northwest Arkansas Naturals : RHP Lionardo Rabelo
|
|
Pitching: LHP Dave Schmidt
|
|
|
Batting: RHB Brad Robidas
|
0-0: Foul Ball, location: 2F 0-1: Foul Ball, location: 2F 0-2: Ball 1-2: Foul Ball, location: 2F 1-2: Foul Ball, location: 2F 1-2: Strikes out looking
|
|
Batting: RHB Jesus Torres
|
0-0: Ground out 3-1 (Groundball, 34, EV 87.5 MPH)
|
|
Batting: LHB Jerrod Cluck
|
0-0: Foul Ball, location: 2F 0-1: Ball 1-1: Called Strike 1-2: Strikes out swinging
|
| Top of the 8th over - 0 runs, 0 hits, 0 errors, 0 left on base; Jackson 1 - Northwest Arkansas 0 |
| BOTTOM OF THE 8TH |
|
Northwest Arkansas Naturals batting - Pitching for Jackson Generals : RHP Tom Graham
|
|
Pitching: RHP Mark Case
|
|
|
Now at 1B: Cliff Thomas
|
|
|
Now in RF: Ignacio Bernal
|
|
|
Batting: RHB Gavin Jones
|
0-0: Called Strike 0-1: Ball 1-1: Called Strike 1-2: Ball 2-2: Ball 3-2: Strikes out swinging
|
|
Batting: RHB Javier Solis
|
0-0: Called Strike 0-1: Called Strike 0-2: Strikes out looking
|
|
Batting: RHB Pete Deschamps
|
0-0: Ball 1-0: Ball 2-0: Swinging Strike 2-1: Ball 3-1: Foul Ball, location: 2F 3-2: SINGLE (Groundball, 6MD, EV 97.5 MPH)
|
|
Batting: RHB Tomas Raya
|
0-0: Ball 1-0: Foul Ball, location: 2F 1-1: Called Strike 1-2: Ball 2-2: Strikes out swinging
|
| Bottom of the 8th over - 0 runs, 1 hit, 0 errors, 1 left on base; Jackson 1 - Northwest Arkansas 0 |
| TOP OF THE 9TH |
|
Jackson Generals batting - Pitching for Northwest Arkansas Naturals : LHP Dave Schmidt
|
|
Batting: RHB Sean Peake
|
0-0: Called Strike 0-1: Foul Ball, location: 2F 0-2: Ball 1-2: Foul Ball, location: 2F 1-2: Fly out, F8 (Flyball, 8LD, EV 103.1 MPH)
|
|
Batting: RHB Tony Vargas
|
0-0: Ball 1-0: Ball 2-0: Called Strike 2-1: Foul Ball, location: 2F 2-2: Ball 3-2: SINGLE (Groundball, 34D, EV 98.8 MPH)
|
|
Pitching: RHP Vinny Reveles
|
|
|
Batting: LHB Cliff Thomas
|
0-0: Ball Tony Vargas is caught stealing 2nd base 2-6 1-0: Foul Ball, location: 2F 1-1: Foul Ball, location: 2F 1-2: Foul Ball, location: 2F 1-2: Strikes out swinging
|
| Top of the 9th over - 0 runs, 1 hit, 0 errors, 0 left on base; Jackson 1 - Northwest Arkansas 0 |
| BOTTOM OF THE 9TH |
|
Northwest Arkansas Naturals batting - Pitching for Jackson Generals : RHP Mark Case
|
|
Pitching: RHP Victor Cervantes
|
|
|
Batting: RHB Grant Conlon
|
0-0: Called Strike 0-1: Foul Ball, location: 2F 0-2: Strikes out swinging
|
|
Pinch Hitting: LHB Brian Carlson
|
0-0: Called Strike 0-1: Foul Ball, location: 2F 0-2: Strikes out swinging
|
|
Batting: SHB Jarrod Lindblad
|
0-0: Called Strike 0-1: Called Strike 0-2: Strikes out swinging
|
| Bottom of the 9th over - 0 runs, 0 hits, 0 errors, 0 left on base; Jackson 1 - Northwest Arkansas 0 |
|